 Dungeon Crawl Stone Soup version 0.22.2-1-ge965b3aba3 (webtiles) character file.

13575 Freitmort the Thaumaturge (level 11, 0/57 HPs)
             Began as a Deep Elf Conjurer on Aug 14, 2019.
             Was a Priest of Vehumet.
             Slain by a black mamba (7 damage)
             ... on level 1 of the Lair of Beasts on Aug 16, 2019.
             The game lasted 01:31:01 (16379 turns).

Freitmort the Thaumaturge (Deep Elf Conjurer)      Turns: 16379, Time: 01:31:01

Health: 0/57       AC:  9    Str:  7    XL:     11   Next: 77%
Magic:  12/31      EV: 16    Int: 22    God:    Vehumet [***...]
Gold:   752        SH:  0    Dex: 15    Spells: 22/38 levels left

rFire    . . .     SeeInvis .   C - +0 blowgun
rCold    . . .     Gourm    .   (no shield)
rNeg     . . .     Faith    .   a - +1 robe
rPois    .         Spirit   .   h - +2 helmet
rElec    .         Reflect  .   (no cloak)
rCorr    .         Harm     .   (no gloves)
MR       +....                  (no boots)
Stlth    +++.......             (no amulet)
HPRegen  0.19/turn              i - +3 ring of protection
MPRegen  0.22/turn              p - ring of wizardry

@: no status effects
A: no striking features
a: Renounce Religion


You were on level 1 of the Lair of Beasts.
You worshipped Vehumet.
Vehumet was most pleased with you.
You were not hungry.

You visited 3 branches of the dungeon, and saw 13 of its levels.
You also visited: Ice Cave.

You collected 752 gold pieces.

Inventory:

Hand Weapons
 b - a +1 dagger
 C - a +0 blowgun (weapon)
Missiles
 e - 7 needles of frenzy (quivered)
 f - 44 poisoned needles
 x - 2 curare-tipped needles
Armour
 a - a +1 robe (worn)
 h - a +2 helmet (worn)
Jewellery
 i - a +3 ring of protection (left hand)
 p - a ring of wizardry (right hand)
Wands
 j - a wand of flame (30)
 n - a wand of iceblast (29)
 t - a wand of scattershot (5)
 u - a wand of random effects (15)
 v - a wand of paralysis (11)
 w - a wand of acid (7)
 y - a wand of disintegration (16)
Scrolls
 g - a scroll of identify
 k - a scroll of amnesia
 o - 2 scrolls of teleportation
 q - 3 scrolls of remove curse
 r - 3 scrolls of enchant armour
 A - a scroll of enchant weapon
 F - a scroll of fear
Potions
 d - 8 potions of curing
 l - a potion of magic
 m - 2 potions of invisibility
 s - a potion of agility
 z - a potion of haste
 B - a potion of berserk rage
 D - 2 potions of brilliance
 E - a potion of might
Comestibles
 c - 14 rations


   Skills:
 + Level 1.9 Fighting
 + Level 6.6 Dodging
 + Level 5.6 Stealth
 + Level 14.0 Spellcasting
 + Level 12.5 Conjurations
 + Level 5.2 Fire Magic
 * Level 3.2 Air Magic
 * Level 5.6 Poison Magic
 - Level 3.0 Evocations


You had 22 spell levels left.
You knew the following spells:

 Your Spells              Type           Power        Failure   Level  Hunger
a - Magic Dart            Conj           ####         0%          1    None
b - Searing Ray           Conj           ######       1%          2    None
c - Iskenderun's Mystic   Conj           ######..     1%          4    None
d - Flame Tongue          Conj/Fire      #####        1%          1    None
e - Sting                 Conj/Pois      ####         1%          1    None
f - Static Discharge      Conj/Air       ######..     1%          3    None
g - Airstrike             Air            ####......   1%          4    None

Your spell library contained the following spells:

 Spells                   Type           Power        Failure   Level  Hunger
 Animate Skeleton         Necr           N/A          1%          1    None
 Confusing Touch          Hex            ###...       1%          1    None
 Freeze                   Ice            ###.         1%          1    None
 Pain                     Necr           ###.         1%          1    None
 Throw Frost              Conj/Ice       #####.       1%          2    None
 Dazzling Spray           Conj/Hex       #####.       1%          3    None
 Force Lance              Conj/Tloc      #####...     1%          4    None
 Fulminant Prism          Conj/Hex       #####.....   1%          4    None
 Throw Icicle             Conj/Ice       #####...     1%          4    None
 Confuse                  Hex            ###.....     4%          3    None
 Gell's Gravitas          Tloc           ###.......   4%          3    None
 Ozocubu's Armour         Chrm/Ice       ###.....     4%          3    None
 Regeneration             Chrm/Necr      ###.......   4%          3    None
 Vampiric Draining        Necr           ###.......   4%          3    None
 Yara's Violent Unravell  Hex/Tmut       ###.......   12%         5    ###....
 Animate Dead             Necr           N/A          16%         4    None
 Petrify                  Tmut/Erth      ###.....     16%         4    None
 Summon Ice Beast         Ice/Summ       ###.....     16%         4    None
 Metabolic Englaciation   Hex/Ice        ###.......   38%         5    ###....


Dungeon Overview and Level Annotations

Branches:
Dungeon (11/15)            Temple (1/1) D:6            Lair (1/6) D:9
    Orc (0/2) D:10

Altars:
Ashenzari
Cheibriados
Dithmenos
Elyvilon
Fedhas
Gozag
Hepliaklqana
Kikubaaqudgha
Makhleb
Nemelex Xobeh
Okawaru
Qazlal
Ru
Sif Muna
Trog
Uskayaw
Vehumet
Wu Jian
Xom
Yredelemnul
Zin
The Shining One

Shops:
D:4 [   D:8 }

Annotations:
D:3 4 runed doors, Flure's ghost, amateur OpTm
D:7 3 runed doors, DiMakss's ghost, novice DrFE
D:11 Erolcha


Message History

Aim: a black mamba (lightly wounded)
The searing ray misses the black mamba. (Press . to maintain the ray.)
The searing ray hits the black mamba.
The black mamba is lightly wounded.
You feel sick. The black mamba bites you.
The searing ray hits the black mamba.
The black mamba is heavily wounded.
The black mamba bites you.
* * * LOW HITPOINT WARNING * * *
The black mamba misses you.
The searing ray misses the black mamba.
You finish channeling your searing ray.
You feel sick. The black mamba misses you. The black mamba bites you.
* * * LOW HITPOINT WARNING * * *
You are lethally poisoned!
The black mamba poisons you!
You feel better. The black mamba bites you!
* * * LOW HITPOINT WARNING * * *
The black mamba bites you!
You die...

..............#
........##....# #
........##....#
..###
#.......##....##
.....
#...)..#......#
.####
##.....#.....#..#
.#.............#.#
#......S.......# #
.......@.......#
...............#
.................
...............#.
.................
...............P.
# ...........!....
# #..............
# .


You could see a black mamba.

Vanquished Creatures
  A hydra (Lair:1)
  Harold (D:11)
  Erica (Lair:1)
  A two-headed ogre (D:9)
  2 rime drakes (D:11)
  3 trolls
  3 hippogriffs
  2 centaur simulacra (D:11)
  A wraith (D:11)
  9 yaks
  Grum (D:11)
  3 hungry ghosts
  A soldier ant (D:9)
  A water moccasin (D:8)
  4 porcupines (D:9)
  2 orc warriors
  5 sky beasts
  2 phantoms
  3 black bears (D:9)
  5 ice beasts
  A necrophage (D:9)
  4 ogres
  9 wolves
  2 centaurs
  4 crocodiles
  A big kobold (D:9)
  4 bullfrogs
  A wyvern zombie (D:7)
  2 gnoll sergeants
  3 scorpions
  9 killer bees
  2 howler monkeys
  6 crimson imps
  6 orc priests
  A wyvern simulacrum (D:11)
  8 hounds
  3 centaur skeletons
  6 orc wizards
  A bullfrog skeleton (D:9)
  Jessica (D:2)
  2 iguanas
  7 worker ants
  Ijyb (D:5)
  A hound zombie (D:10)
  Robin (D:2)
  A hound skeleton (D:6)
  2 worker ant zombies
  8 gnolls
  11 adders
  2 hound simulacra (D:11)
  2 shadow imps
  A white imp (D:11)
  3 ufetubi (D:11)
  2 dart slugs
  6 leopard geckos
  23 orcs
  A ball python (D:4)
  6 giant cockroaches
  15 goblins
  8 hobgoblins
  9 jackals
  3 quokkas
  9 bats
  A frilled lizard (D:3)
  14 kobolds
  A leopard gecko skeleton (D:6)
  A leopard gecko zombie (D:4)
  A quokka skeleton (D:8)
  6 rats
273 creatures vanquished.

Vanquished Creatures (others)
  35 fungi (D:9)
  21 plants (D:9)
56 creatures vanquished.

Grand Total: 329 creatures vanquished

Notes
Turn   | Place    | Note
-------+----------+-------------------------------------------
     0 | D:1      | Freitmort the Deep Elf Conjurer began the quest for the
                  | Orb.
     0 | D:1      | Reached XP level 1. HP: 10/10 MP: 6/6
   322 | D:1      | Reached XP level 2. HP: 15/15 MP: 5/8
   345 | D:1      | Learned a level 2 spell: Searing Ray
  1052 | D:2      | Reached skill level 5 in Conjurations
  1139 | D:2      | Found a stormy altar of Qazlal.
  1149 | D:2      | Noticed Jessica
  1188 | D:2      | Reached XP level 3. HP: 16/19 MP: 5/9
  1243 | D:2      | Noticed Robin
  1465 | D:2      | Killed Jessica
  1469 | D:2      | Reached XP level 4. HP: 12/24 MP: 3/11
  1621 | D:2      | Learned a level 4 spell: Iskenderun's Mystic Blast
  1681 | D:2      | Killed Robin
  1812 | D:2      | Reached skill level 4 in Spellcasting
  1930 | D:2      | Found a bloodstained altar of Trog.
  2137 | D:3      | Found a sacrificial altar of Ru.
  2224 | D:3      | Found a runed door.
  2305 | D:3      | Found an opulent altar of Gozag.
  2866 | D:3      | Found a runed gate.
  2866 | D:3      | Found a runed gate.
  2866 | D:3      | Found a runed gate.
  2866 | D:3      | Noticed Flure's ghost (amateur OpTm)
  3012 | D:3      | Reached XP level 5. HP: 28/28 MP: 7/13
  3351 | D:4      | Noticed an ogre
  3360 | D:4      | Killed an ogre
  3360 | D:4      | Reached skill level 5 in Spellcasting
  3360 | D:4      | Reached skill level 1 in Evocations
  3501 | D:4      | Reached XP level 6. HP: 32/32 MP: 10/15
  3935 | D:4      | Found a blossoming altar of Fedhas.
  4158 | D:4      | Found Haohijum's Armour Boutique.
  4270 | D:5      | Entered Level 5 of the Dungeon
  4619 | D:5      | Noticed Ijyb
  4630 | D:5      | Killed Ijyb
  4630 | D:5      | Reached skill level 6 in Spellcasting
  4747 | D:5      | Reached XP level 7. HP: 36/36 MP: 8/18
  5414 | D:5      | Reached skill level 7 in Spellcasting
  5609 | D:6      | Found a deep blue altar of Sif Muna.
  5707 | D:6      | Found a stormy altar of Qazlal.
  5911 | D:6      | Found a staircase to the Ecumenical Temple.
  5921 | Temple   | Entered the Ecumenical Temple
  5925 | Temple   | Became a worshipper of Vehumet
  6096 | D:6      | Reached XP level 8. HP: 29/41 MP: 6/21
  6522 | D:6      | Reached skill level 8 in Spellcasting
  6976 | D:7      | Reached skill level 9 in Spellcasting
  7058 | D:7      | Found a runed gate.
  7058 | D:7      | Found a runed gate.
  7058 | D:7      | Found a runed gate.
  7121 | D:7      | Noticed DiMakss's ghost (novice DrFE)
  7213 | D:7      | Reached * piety under Vehumet
  7213 | D:7      | Offered knowledge of Flame Tongue by Vehumet.
  7286 | D:7      | Learned a level 1 spell: Flame Tongue
  7308 | D:7      | Found an iron altar of Okawaru.
  7311 | D:7      | Found a sparkling altar of Nemelex Xobeh.
  7322 | D:7      | Found a shattered altar of Ashenzari.
  7325 | D:7      | Found a shimmering altar of Xom.
  7586 | D:7      | Reached skill level 1 in Fire Magic
  7652 | D:7      | Reached XP level 9. HP: 31/45 MP: 20/24
  8336 | D:8      | Found Sorog's Gadget Boutique.
  8577 | D:7      | Reached skill level 10 in Spellcasting
  9058 | D:8      | Reached skill level 5 in Stealth
  9157 | D:8      | Reached skill level 10 in Conjurations
  9487 | D:8      | Found a shattered altar of Ashenzari.
 10193 | D:9      | Noticed a troll
 10237 | D:9      | Reached skill level 11 in Spellcasting
 10457 | D:9      | Reached skill level 5 in Dodging
 10523 | D:9      | Killed a troll
 10523 | D:9      | Reached XP level 10. HP: 51/51 MP: 22/27
 10786 | D:9      | Noticed a two-headed ogre
 10920 | D:9      | Reached ** piety under Vehumet
 10927 | D:9      | Offered knowledge of Sting by Vehumet.
 10932 | D:9      | Learned a level 1 spell: Sting
 11190 | D:9      | Killed a two-headed ogre
 11190 | D:9      | Reached skill level 12 in Spellcasting
 11190 | D:9      | Reached skill level 1 in Poison Magic
 11570 | D:9      | Found a staircase to the Lair.
 12064 | D:9      | Found an iron altar of Okawaru.
 12188 | D:9      | Reached skill level 1 in Fighting
 12296 | D:10     | Entered Level 10 of the Dungeon
 12400 | D:9      | Reached skill level 13 in Spellcasting
 12741 | D:10     | Offered knowledge of Static Discharge by Vehumet.
 12844 | D:10     | Learned a level 3 spell: Static Discharge
 13029 | D:10     | Reached XP level 11. HP: 56/56 MP: 24/30
 13357 | D:10     | Found a staircase to the Orcish Mines.
 13481 | D:11     | Noticed Harold
 13709 | D:11     | Reached skill level 1 in Air Magic
 13788 | D:11     | Noticed Erolcha
 13817 | D:11     | Found a frozen archway.
 13840 | IceCv    | Entered an ice cave
 13841 | IceCv    | Reached *** piety under Vehumet
 14053 | D:11     | Noticed Grum
 14501 | D:11     | Killed Grum
 14987 | D:11     | Offered knowledge of Airstrike by Vehumet.
 14993 | D:11     | Learned a level 4 spell: Airstrike
 15022 | D:11     | Killed Harold
 15022 | D:11     | Reached skill level 5 in Fire Magic
 15022 | D:11     | Reached skill level 5 in Poison Magic
 15349 | D:11     | Noticed a brown ugly thing
 15806 | Lair:1   | Entered Level 1 of the Lair of Beasts
 15977 | Lair:1   | Noticed an eight-headed hydra
 15985 | Lair:1   | Killed an eight-headed hydra
 16357 | Lair:1   | Noticed Erica
 16363 | Lair:1   | Killed Erica
 16363 | Lair:1   | Reached skill level 14 in Spellcasting
 16379 | Lair:1   | Slain by a black mamba

Skill      XL: |  1  2  3  4  5  6  7  8  9 10 11 |
---------------+----------------------------------+-----
Conjurations   | 5 6 7 9 10 11 12 | 12.5
Spellcasting   | 4 5 6 7 9 11 13 14 | 14.0
Stealth        | 3 4 5 |  5.6
Evocations     | 1 2 3 |  3.0
Dodging        | 3 4 5 6 |  6.6
Fire Magic     | 1 4 5 |  5.2
Poison Magic   | 3 5 |  5.6
Fighting       | 1 |  1.9
Air Magic      | 3 |  3.2

Action                   |  1- 3 |  4- 6 |  7- 9 | 10-12 || total
-------------------------+-------+-------+-------+-------++-------
 Cast: Magic Dart        |    34 |   107 |   247 |   151 ||   539
       Searing Ray       |     3 |    14 |    45 |    68 ||   130
       Iskenderun's Myst |       |       |     8 |    23 ||    31
       Flame Tongue      |       |       |     6 |    44 ||    50
       Sting             |       |       |       |     5 ||     5
  Use: Scroll            |     1 |     7 |     6 |    10 ||    24
       Potion            |       |       |     1 |     3 ||     4
  Eat: Chunk             |     1 |     5 |     7 |     9 ||    22
       Ration            |       |     2 |     3 |     3 ||     8
Armor: Robe              |       |     5 |    27 |    44 ||    76
Dodge: Dodged            |     4 |     9 |    73 |   130 ||   216
